 Dungeon Crawl Stone Soup version 0.31.0-1-g2c135a008e (webtiles) character file.

Game seed: 2209171390855084849

170 qw the Shooter (level 5, -4/40 HPs)
             Began as a Djinni Hunter on Jan 23, 2024.
             Slain by a gnoll
             ... wielding a +0 halberd
              (9 damage)
             ... on level 3 of the Dungeon.
             The game lasted 00:00:08 (2063 turns).

qw the Shooter (Djinni Hunter)                      Turns: 2063, Time: 00:00:08

Health: -4/40      AC:  5    Str: 10    XL:     5   Next: 80%
Gold:   163        EV: 11    Int: 10    God:
                   SH:  5    Dex: 19

rFire   + + .        a - +2 shortbow
rCold   x . .        (shield currently unavailable)
rNeg    . . .        i - +0 ring mail
rPois   inf          (no helmet)
rElec   .            b - scarf {repulsion}
rCorr   .            (no gloves)
SInv    .            (boots unavailable)
Will    .....        f - amulet of reflection
Stlth   +            (no ring)
HPRegen 0.26/turn    (no ring)
MPRegen 0.00/turn

%: repel missiles, reflection, infuse magic (-5 HP)
@: flying
A: sickness immunity, fire resistance 2, cold vulnerability 1, float, innate
caster, HP casting, extra vitality 1
a: no special abilities


You were on level 3 of the Dungeon.
You visited 1 branch of the dungeon, and saw 3 of its levels.

You collected 163 gold pieces.


Innate Abilities, Weirdness & Mutations

You are immune to sickness and miasma.
You are immune to poison.
Your flesh is very heat resistant. (rF++)
You are vulnerable to cold. (rC-)
You float through the air rather than walking.
You learn spells naturally, not from books.
Your magical power is your life essence.
You have superior vitality. (+4 MHP)


   Skills:
 - Level 3.0 Fighting
 + Level 4.6 Ranged Weapons
 - Level 1.0 Armour
 - Level 3.1 Dodging
 - Level 0.7 Stealth


You knew the following spells:

 Your Spells              Type           Power      Damage    Failure   Level
a - Magic Dart            Conj           0%         1d3       67%         1
b - Lesser Beckoning      Tloc           0%         N/A       82%         2
Your spell library was empty.

Inventory:

Hand Weapons
 a - a +2 shortbow (weapon)
Armour
 b - a scarf of repulsion (worn)
 c - a +2 hat
 i - a +0 ring mail (worn)
Jewellery
 f - an amulet of reflection (around neck)
Wands
 m - a wand of acid (7)
Scrolls
 d - a scroll of teleportation {unknown}
Potions
 h - a potion of heal wounds {unknown}

Dungeon Overview and Level Annotations

Branches:
Dungeon (3/15)

Altars:
Ashenzari
Xom


Message History

You shoot an arrow.
The arrow hits the gnoll but does no damage.
A rat comes into view.
The gnoll hits you with a +0 flail.
You shoot an arrow. The arrow hits the gnoll!
The gnoll is heavily wounded.
A gnoll comes into view. It is wielding a +0 halberd.
The gnoll closely misses you.
You shoot an arrow. The arrow hits the gnoll!
You kill the gnoll!
You shoot an arrow. The arrow hits the gnoll.
The gnoll is lightly wounded.
The gnoll hits you from afar with a +0 halberd!
A gnoll comes into view. It is wielding a +0 club.
You shoot an arrow. The arrow barely misses the rat.
You block the rat's attack. The gnoll hits you but does no damage.
The rat barely misses you.
You shoot an arrow. The arrow hits the rat!
You kill the rat!
You shoot an arrow. The arrow hits the gnoll.
The gnoll is lightly wounded.
The gnoll barely misses you. x2
You shoot an arrow. The arrow hits the gnoll!
The gnoll is severely wounded.
The gnoll hits you with a +0 club. You block the gnoll's attack.
You shoot an arrow. The arrow closely misses the gnoll.
The gnoll hits you with a +0 club! The gnoll barely misses you.
You shoot an arrow. The arrow hits the gnoll!
You kill the gnoll!
The gnoll barely misses you.
You shoot an arrow. The arrow closely misses the gnoll.
The gnoll hits you from afar with a +0 halberd.
You shoot an arrow. The arrow hits the gnoll.
The gnoll is lightly wounded.
The gnoll hits you from afar with a +0 halberd!
The gnoll misses you.
You shoot an arrow. The arrow hits the gnoll.
The gnoll is moderately wounded.
The gnoll hits you from afar with a +0 halberd!
You die...

..####..#..#.#.#.#
..## #..#..#.#.#.#
...# #.....#.#.#..
...###.....#.#.#.#
....##.)...#.#.#.# #
..#..#)....#.#.#.#.#
..##.......#.#.#)#g#
..###....#......)).#
..# #..........#@#.#
..# ##.>......##%#
#. #.....#.#..##.#
## #.#............
...)...#.##.##.#
#.#.#...#.##.....
..#.#...#....#... #
#... ## ..#


You could see a gnoll.

Vanquished Creatures
  7 gnolls (D:3)
  4 adders (D:2)
  2 dart slugs
  2 orcs (D:2)
  5 bats
  5 endoplasms
  3 giant cockroaches
  5 goblins
  8 hobgoblins
  3 jackals (D:1)
  A quokka (D:2)
  3 ball pythons (D:1)
  7 frilled lizards
  3 kobolds
  5 rats
63 creatures vanquished.

Notes
Turn   | Place    | Note
-------+----------+-------------------------------------------
     0 | D:1      | qw the Djinni Hunter began the quest for the Orb.
     0 | D:1      | Reached XP level 1. HP: 18/18 MP: 0/0
     0 | D:1      | 0 ||| qw: Version: 0.3-a-135-gb77e89d
     0 | D:1      | 0 ||| qw: Game counter: 842
     0 | D:1      | 0 ||| qw: Melee chars always use a shield: true
     0 | D:1      | 0 ||| qw: God list: Okawaru
     0 | D:1      | 0 ||| qw: Allow faded altars: false
     0 | D:1      | 0 ||| qw: Do Orc after clearing Dungeon:15 true
     0 | D:1      | 0 ||| qw: Do second Lair branch before Depths: true
     0 | D:1      | 0 ||| qw: Lair rune preference: random
     0 | D:1      | 0 ||| qw: Goals: Normal
     0 | D:1      | 0 ||| PLANNING D:1-11
   245 | D:1      | Reached XP level 2. HP: 19/23 MP: 0/0
   483 | D:1      | Reached skill level 4 in Ranged Weapons
   483 | D:1      | Reached XP level 3. HP: 28/28 MP: 0/0
   483 | D:1      | Learned a level 1 spell: Magic Dart
   650 | D:1      | Found a faded altar of an unknown god.
   994 | D:1      | 994 ||| UPGRADING to amulet of reflection.
   999 | D:1      | 999 ||| READING scroll labelled JIATTUUPT.
  1000 | D:1      | 1000 ||| READING 2 scrolls labelled ZETASOCH XECA.
  1001 | D:1      | 1001 ||| READING scroll labelled CEUSTR PU KUMASS.
  1002 | D:1      | 1002 ||| DROPPING scroll of butterflies.
  1003 | D:1      | 1003 ||| DROPPING scroll of poison.
  1113 | D:2      | Reached skill level 3 in Fighting
  1113 | D:2      | Reached XP level 4. HP: 34/35 MP: 0/0
  1306 | D:2      | Found a shimmering altar of Xom.
  1492 | D:2      | Reached skill level 3 in Dodging
  1593 | D:2      | 1593 ||| UPGRADING to scarf of repulsion.
  1598 | D:2      | 1598 ||| UPGRADING to +0 ring mail.
  1608 | D:2      | 1608 ||| DROPPING +0 leather armour.
  1609 | D:2      | 1609 ||| READING scroll labelled XAMOUTROFF.
  1610 | D:2      | 1610 ||| READING scroll labelled MEFAFFANAN.
  1610 | D:2      | 1610 ||| IDENTIFYING fuming black potion
  1611 | D:2      | 1611 ||| READING scroll labelled GOCIECW YNWERR.
  1612 | D:2      | 1612 ||| READING 2 scrolls labelled HOIXEC QAOGOA.
  1612 | D:2      | 1612 ||| ENCHANTING +0 shortbow.
  1613 | D:2      | 1613 ||| READING scroll of enchant weapon.
  1613 | D:2      | 1613 ||| ENCHANTING +1 shortbow.
  1614 | D:2      | 1614 ||| READING scroll labelled VUUKHL PUHUPP.
  1614 | D:2      | 1614 ||| ENCHANTING +2 shortbow.
  1615 | D:2      | 1615 ||| DRINKING 2 viscous brown potions.
  1649 | D:2      | 1649 ||| DROPPING potion of lignification.
  1650 | D:2      | 1650 ||| DROPPING potion of invisibility.
  1838 | D:3      | Found a broken altar of Ashenzari.
  1886 | D:3      | Reached skill level 1 in Armour
  1886 | D:3      | Reached XP level 5. HP: 34/40 MP: 0/0
  1886 | D:3      | Learned a level 2 spell: Lesser Beckoning
  2062 | D:3      | HP: 5/40 [gnoll/+0 halberd (7)]
  2063 | D:3      | Slain by a gnoll

Levels and vault maps discovered:
D:1:      lemuel_arrival_tunnels, layout_loops_corners,
          chequers_ecumenical_altar_simple, minmay_pentomino_x4
D:2:      layout_rooms, basic_altar
D:3:      layout_basic, mainiacjoe_overflow_tiny_flanked, minmay_between

Skill      XL: |  1  2  3  4 |
---------------+-------------+-----
Ranged Weapons | 4 |  4.6
Fighting       | 3 |  3.0
Dodging        | 3 |  3.1
Armour         | 1 |  1.0
Stealth        | |  0.7

Action                     |  1- 3 |  4- 6 || total
---------------------------+-------+-------++-------
   Fire: Shortbow          |    86 |   113 ||   199
    Use: Scroll            |     3 |     6 ||     9
         Potion            |       |     1 ||     1
 Armour: Leather armour    |    22 |    21 ||    43
         Ring mail         |       |    23 ||    23
  Dodge: Dodged            |    33 |    40 ||    73
  Block: Other             |     1 |    12 ||    13
         Reflection        |       |     1 ||     1

Table legend:
 A = Non-vault XP
 B = Vault XP
 C = Vault XP percentage of total XP
 D = Non-vault monster count
 E = Vault monster count
 F = Vault count percentage of total count
                 A         B        C        D         E       F
            +---------+---------+-------+---------+---------+-------
      Total |     237 |       7 |   2.9 |      60 |       3 |   4.8
            +---------+---------+-------+---------+---------+-------
        D:1 |      41 |       3 |   6.8 |      25 |       2 |   7.4
        D:2 |      83 |       0 |   0.0 |      21 |       0 |   0.0
        D:3 |     113 |       4 |   3.4 |      14 |       1 |   6.7
            +---------+---------+-------+---------+---------+-------
